PCL
SPOKANE TRAPPERS @ SANTA MONICA BRUINS
06/04/2026
 
TOP OF THE 1ST
Spokane Trappers batting - Pitching for Santa Monica Bruins : LHP José Zamora
Pitching: LHP José Zamora
Batting: RHB Tomás Carranza 0-0: Fly out, F9 (Flyball, 9LM)
Batting: LHB Jesús Ramírez 0-0: Called Strike
0-1: SINGLE (Line Drive, 9LS)
Batting: RHB Ramiro Ross 0-0: Ball
1-0: Called Strike
1-1: SINGLE (Groundball, 13) (infield hit)
Jesús Ramírez to second
Batting: LHB Héctor Rentería 0-0: Called Strike
0-1: Ball
1-1: Called Strike
1-2: Fly out, F7 (Flyball, 7D)
Batting: RHB Jeremy Carr 0-0: Swinging Strike
0-1: Foul Ball, location: 2F
0-2: Foul Ball, location: 2F
0-2: Ground out U3 (Groundball, 3L)
Top of the 1st over - 0 run(s), 2 hit(s), 0 error(s), 2 left on base; Spokane 0 - Santa Monica 0
BOTTOM OF THE 1ST
Santa Monica Bruins batting - Pitching for Spokane Trappers : LHP Alberto Cabrera
Pitching: LHP Alberto Cabrera
Batting: RHB Pablo Peña 0-0: Foul Ball, location: 2F
0-1: Foul Ball, location: 2F
0-2: Ball
1-2: Foul Ball, location: 2F
1-2: Ball
2-2: Foul Ball, location: 2F
2-2: Ball
3-2: Foul Ball, location: 2F
3-2: DOUBLE (Groundball, 5L)
Batting: LHB Patrick Osborne 0-0: SINGLE (Line Drive, 7S)
Pablo Peña to third
Batting: RHB Luis Martínez 0-0: Foul Ball, location: 2F
0-1: Ball
1-1: Ball
2-1: Ball
3-1: Swinging Strike
3-2: Strikes out looking
Batting: LHB Ray Bryant 0-0: Ball
1-0: Fielders Choice at 2nd, 4-6 (Groundball, 4)
Pablo Peña scores
Batting: RHB Justin Burgess 0-0: Ball
1-0: Foul Ball, location: 2F
1-1: Ball
2-1: Swinging Strike
2-2: Ball
3-2: SINGLE (Flyball, 8RS)
Ray Bryant to second
Ray Bryant to third
Batting: RHB Griswold Coleman 0-0: Swinging Strike
0-1: Ball
1-1: Fly out, F8 (Flyball, 8LM)
Bottom of the 1st over - 1 run(s), 3 hit(s), 0 error(s), 2 left on base; Spokane 0 - Santa Monica 1
TOP OF THE 2ND
Spokane Trappers batting - Pitching for Santa Monica Bruins : LHP José Zamora
Batting: SHB Nick Cox 0-0: Fly out, F4 (Popup, 4D)
Batting: LHB Colin Ives 0-0: Called Strike
0-1: Ball
1-1: Called Strike
1-2: Strikes out swinging
Batting: RHB Clyde Kelley 0-0: Called Strike
0-1: Ball
1-1: Ball
2-1: Ball
3-1: Foul Ball, location: 2F
3-2: Ground out 5-3 (Groundball, 5S)
Top of the 2nd over - 0 run(s), 0 hit(s), 0 error(s), 0 left on base; Spokane 0 - Santa Monica 1
BOTTOM OF THE 2ND
Santa Monica Bruins batting - Pitching for Spokane Trappers : LHP Alberto Cabrera
Batting: RHB Brandon Callahan 0-0: Called Strike
0-1: Fly out, F3 (Popup, 3F)
Batting: RHB Mark Hosley 0-0: Ball
1-0: Ground out 5-3 (Groundball, 5S)
Batting: RHB Francisco Castillo 0-0: Ball
1-0: Ball
2-0: Foul Ball, location: 2F
2-1: Ball
3-1: Base on Balls
Batting: RHB Pablo Peña 0-0: Called Strike
0-1: Ball
1-1: Ball
2-1: Foul Ball, location: 2F
2-2: Ground out 6-3 (Groundball, 6)
Bottom of the 2nd over - 0 run(s), 0 hit(s), 0 error(s), 1 left on base; Spokane 0 - Santa Monica 1
TOP OF THE 3RD
Spokane Trappers batting - Pitching for Santa Monica Bruins : LHP José Zamora
Batting: RHB Pedro Rodríguez 0-0: Swinging Strike
0-1: Ball
1-1: Called Strike
1-2: Strikes out swinging
Batting: RHB Tomás Carranza 0-0: Ball
1-0: Swinging Strike
1-1: Foul Ball, location: 2F
1-2: Ball
2-2: Ball
3-2: Foul Ball, location: 2F
3-2: DOUBLE (Line Drive, 7LM)
Batting: LHB Jesús Ramírez 0-0: SINGLE (Flyball, 8RS)
Tomás Carranza to third
Runner from 3rd tries for Home, SAFE, no throw or cutoff
Batting: RHB Ramiro Ross 0-0: Ball
1-0: Ball
2-0: Foul Ball, location: 2F
2-1: DOUBLE (Line Drive, 5L)
Jesús Ramírez to third
Batting: LHB Héctor Rentería 0-0: Ball
1-0: Called Strike
1-1: Ball
2-1: Foul Ball, location: 2F
2-2: SINGLE (Line Drive, 34)
Jesús Ramírez scores
Ramiro Ross to third
Batting: RHB Jeremy Carr 0-0: Ball
1-0: Ball
Héctor Rentería steals 2nd base
2-0: Called Strike
2-1: SINGLE (Groundball, 56D)
Ramiro Ross scores
Héctor Rentería to third
Batting: SHB Nick Cox 0-0: Ball
1-0: Ball
2-0: Ball
3-0: Called Strike
3-1: Called Strike
3-2: SINGLE (Groundball, 34D)
Héctor Rentería scores
Jeremy Carr to second
Jeremy Carr to third
Batting: LHB Colin Ives 0-0: Ball
1-0: Ball
2-0: Called Strike
2-1: Called Strike
2-2: Reached on error, E4 (Groundball, 4)
Jeremy Carr scores
Nick Cox to second
Batting: RHB Clyde Kelley 0-0: Fly out, F8 (Line Drive, 89M)
Runner from 2nd tags up, SAFE at 3rd with throw
Batting: RHB Pedro Rodríguez 0-0: Called Strike
0-1: Called Strike
0-2: Ball
1-2: Foul Ball, location: 2F
1-2: Fly out, F3 (Popup, 3F)
Top of the 3rd over - 5 run(s), 6 hit(s), 1 error(s), 2 left on base; Spokane 5 - Santa Monica 1
BOTTOM OF THE 3RD
Santa Monica Bruins batting - Pitching for Spokane Trappers : LHP Alberto Cabrera
Batting: LHB Patrick Osborne 0-0: Ball
1-0: Ball
2-0: Called Strike
2-1: Ball
3-1: Foul Ball, location: 2F
3-2: Foul Ball, location: 2F
3-2: Base on Balls
Batting: RHB Luis Martínez 0-0: Ball
1-0: Ball
2-0: Foul Ball, location: 2F
2-1: Ball
3-1: Grounds into double play, 6-4-3 (Groundball, 6)
Batting: LHB Ray Bryant 0-0: Ball
1-0: SINGLE (Line Drive, 4MD)
Batting: RHB Justin Burgess 0-0: Called Strike
0-1: Called Strike
0-2: Ball
1-2: Ball
2-2: Strikes out swinging
Bottom of the 3rd over - 0 run(s), 1 hit(s), 0 error(s), 1 left on base; Spokane 5 - Santa Monica 1
TOP OF THE 4TH
Spokane Trappers batting - Pitching for Santa Monica Bruins : LHP José Zamora
Batting: RHB Tomás Carranza 0-0: Called Strike
0-1: Ball
1-1: Ground out 4-3 (Groundball, 4)
Batting: LHB Jesús Ramírez 0-0: Called Strike
0-1: Ball
1-1: Ball
2-1: Ground out 4-3 (Groundball, 4)
Batting: RHB Ramiro Ross 0-0: Ball
1-0: Swinging Strike
1-1: Ball
2-1: Ball
3-1: Foul Ball, location: 2F
3-2: Base on Balls
Batting: LHB Héctor Rentería 0-0: Foul Ball, location: 2F
0-1: Foul Ball, location: 2F
0-2: Ball
1-2: Foul Ball, location: 2F
1-2: Ball
2-2: Fly out, F4 (Line Drive, 4)
Top of the 4th over - 0 run(s), 0 hit(s), 0 error(s), 1 left on base; Spokane 5 - Santa Monica 1
BOTTOM OF THE 4TH
Santa Monica Bruins batting - Pitching for Spokane Trappers : LHP Alberto Cabrera
Batting: RHB Griswold Coleman 0-0: Ball
1-0: Ball
2-0: Ground out 4-3 (Groundball, 4M)
Batting: RHB Brandon Callahan 0-0: Ball
1-0: Called Strike
1-1: Foul Ball, location: 2F
1-2: Ball
2-2: Strikes out looking
Batting: RHB Mark Hosley 0-0: Ball
1-0: Ball
2-0: Called Strike
2-1: Foul Ball, location: 2F
2-2: Strikes out swinging
Bottom of the 4th over - 0 run(s), 0 hit(s), 0 error(s), 0 left on base; Spokane 5 - Santa Monica 1
TOP OF THE 5TH
Spokane Trappers batting - Pitching for Santa Monica Bruins : LHP José Zamora
Batting: RHB Jeremy Carr 0-0: Ball
1-0: Foul Ball, location: 2F
1-1: Called Strike
1-2: Foul Ball, location: 2F
1-2: Foul Ball, location: 2F
1-2: Strikes out swinging
Batting: SHB Nick Cox 0-0: Ball
1-0: Called Strike
1-1: Ball
2-1: Foul Ball, location: 2F
2-2: Ball
3-2: Strikes out swinging
Batting: LHB Colin Ives 0-0: Ball
1-0: Foul Ball, location: 2F
1-1: SINGLE (Line Drive, 7M)
Pitching: RHP Carlos Rangel
Batting: RHB Clyde Kelley 0-0: Called Strike
0-1: Foul Ball, location: 2F
0-2: Fly out, F9 (Flyball, 89S)
Top of the 5th over - 0 run(s), 1 hit(s), 0 error(s), 1 left on base; Spokane 5 - Santa Monica 1
BOTTOM OF THE 5TH
Santa Monica Bruins batting - Pitching for Spokane Trappers : LHP Alberto Cabrera
Batting: RHB Francisco Castillo 0-0: Called Strike
0-1: Ball
1-1: Swinging Strike
1-2: Foul Ball, location: 2F
1-2: Foul Ball, location: 2F
1-2: Ground out 5-3 (Groundball, 56)
Batting: RHB Pablo Peña 0-0: Ball
1-0: Ball
2-0: Swinging Strike
2-1: Ball
3-1: Base on Balls
Pitching: RHP Edgardo Martínez
Batting: LHB Patrick Osborne 0-0: Called Strike
0-1: Ball
1-1: Ball
2-1: Called Strike
2-2: Strikes out swinging
Batting: RHB Luis Martínez 0-0: Swinging Strike
0-1: Fly out, F4 (Popup, 3L)
Bottom of the 5th over - 0 run(s), 0 hit(s), 0 error(s), 1 left on base; Spokane 5 - Santa Monica 1
TOP OF THE 6TH
Spokane Trappers batting - Pitching for Santa Monica Bruins : RHP Carlos Rangel
Batting: RHB Pedro Rodríguez 0-0: Ball
1-0: Ball
2-0: Ground out 4-3 (Groundball, 4)
Batting: RHB Tomás Carranza 0-0: Ball
1-0: Ball
2-0: Ball
3-0: Base on Balls
Batting: LHB Jesús Ramírez 0-0: Called Strike
Tomás Carranza steals 2nd base
0-1: Called Strike
0-2: Strikes out looking
Batting: RHB Ramiro Ross 0-0: Called Strike
0-1: Ball
1-1: Ball
2-1: Ball
3-1: Base on Balls
Batting: LHB Héctor Rentería 0-0: Called Strike
0-1: Fly out, F8 (Flyball, 8LM)
Top of the 6th over - 0 run(s), 0 hit(s), 0 error(s), 2 left on base; Spokane 5 - Santa Monica 1
BOTTOM OF THE 6TH
Santa Monica Bruins batting - Pitching for Spokane Trappers : RHP Edgardo Martínez
Batting: LHB Ray Bryant 0-0: Ball
1-0: Called Strike
1-1: Foul Ball, location: 2F
1-2: Foul Ball, location: 2F
1-2: Strikes out swinging
Batting: RHB Justin Burgess 0-0: Ball
1-0: Ball
2-0: Foul Ball, location: 2F
2-1: Called Strike
2-2: Ground out U3 (Groundball, 3)
Batting: RHB Griswold Coleman 0-0: Foul Ball, location: 2F
0-1: Ball
1-1: Called Strike
1-2: Foul Ball, location: 2F
1-2: Ball
2-2: Ball
3-2: Base on Balls
Batting: RHB Brandon Callahan 0-0: Fly out, F5 (Popup, 5SF)
Bottom of the 6th over - 0 run(s), 0 hit(s), 0 error(s), 1 left on base; Spokane 5 - Santa Monica 1
TOP OF THE 7TH
Spokane Trappers batting - Pitching for Santa Monica Bruins : RHP Carlos Rangel
Batting: RHB Jeremy Carr 0-0: Ball
1-0: Ball
2-0: Fly out, F5 (Line Drive, 5)
Batting: SHB Nick Cox 0-0: Called Strike
0-1: Ball
1-1: Swinging Strike
1-2: Strikes out looking
Batting: LHB Colin Ives 0-0: Called Strike
0-1: Swinging Strike
0-2: Ball
1-2: Strikes out looking
Top of the 7th over - 0 run(s), 0 hit(s), 0 error(s), 0 left on base; Spokane 5 - Santa Monica 1
BOTTOM OF THE 7TH
Santa Monica Bruins batting - Pitching for Spokane Trappers : RHP Edgardo Martínez
Batting: RHB Mark Hosley 0-0: Swinging Strike
0-1: Called Strike
0-2: Ground out 6-3 (Groundball, 6M)
Pitching: RHP José Navarro
Batting: RHB Francisco Castillo 0-0: Called Strike
0-1: Ball
1-1: Ground out 5-3 (Groundball, 56S)
Batting: RHB Pablo Peña 0-0: Ball
1-0: Foul Ball, location: 2F
1-1: Ball
2-1: Foul Ball, location: 2F
2-2: Ball
3-2: Fly out, F4 (Popup, 4D)
Bottom of the 7th over - 0 run(s), 0 hit(s), 0 error(s), 0 left on base; Spokane 5 - Santa Monica 1
TOP OF THE 8TH
Spokane Trappers batting - Pitching for Santa Monica Bruins : RHP Carlos Rangel
Pitching: RHP Jeremy Murray
Batting: RHB Clyde Kelley 0-0: Ball
1-0: Foul Ball, location: 2F
1-1: SOLO HOME RUN (Flyball, 78XD) (Inside the Park)
Batting: RHB Pedro Rodríguez 0-0: Called Strike
0-1: Called Strike
0-2: Foul Ball, location: 2F
0-2: Ball
1-2: Strikes out swinging
Batting: RHB Tomás Carranza 0-0: Foul Ball, location: 2F
0-1: Ball
1-1: Called Strike
1-2: Foul Ball, location: 2F
1-2: Foul Ball, location: 2F
1-2: Foul Ball, location: 2F
1-2: Strikes out swinging
Batting: LHB Jesús Ramírez 0-0: Ball
1-0: SINGLE (Flyball, 4MD)
Batting: RHB Ramiro Ross 0-0: Ball
1-0: Ball
2-0: Ball
3-0: Called Strike
3-1: Base on Balls
Jesús Ramírez to second
Batting: LHB Héctor Rentería 0-0: Foul Ball, location: 2F
0-1: Ball
1-1: Ground out 4-3 (Groundball, 4)
Top of the 8th over - 1 run(s), 2 hit(s), 0 error(s), 2 left on base; Spokane 6 - Santa Monica 1
BOTTOM OF THE 8TH
Santa Monica Bruins batting - Pitching for Spokane Trappers : RHP José Navarro
Batting: LHB Patrick Osborne 0-0: Ground out 6-3 (Groundball, 6M)
Batting: RHB Luis Martínez 0-0: Ball
1-0: Called Strike
1-1: Ball
2-1: Ground out 5-3 (Groundball, 5)
Batting: LHB Ray Bryant 0-0: Ball
1-0: Foul Ball, location: 2F
1-1: Ball
2-1: Fly out, F9 (Flyball, 9M)
Bottom of the 8th over - 0 run(s), 0 hit(s), 0 error(s), 0 left on base; Spokane 6 - Santa Monica 1
TOP OF THE 9TH
Spokane Trappers batting - Pitching for Santa Monica Bruins : RHP Jeremy Murray
Pitching: RHP Derrick Baird
Batting: RHB Jeremy Carr 0-0: Fly out, F6 (Line Drive, 6)
Batting: SHB Nick Cox 0-0: Ball
1-0: Ball
2-0: Called Strike
2-1: Foul Ball, location: 2F
2-2: Strikes out swinging
Batting: LHB Colin Ives 0-0: Called Strike
0-1: Called Strike
0-2: Ball
1-2: Strikes out swinging
Top of the 9th over - 0 run(s), 0 hit(s), 0 error(s), 0 left on base; Spokane 6 - Santa Monica 1
BOTTOM OF THE 9TH
Santa Monica Bruins batting - Pitching for Spokane Trappers : RHP José Navarro
Batting: RHB Justin Burgess 0-0: Ball
1-0: Ball
2-0: Called Strike
2-1: Foul Ball, location: 2F
2-2: Foul Ball, location: 2F
2-2: Foul Ball, location: 2F
2-2: Ground out 4-3 (Groundball, 4)
Batting: RHB Griswold Coleman 0-0: Ball
1-0: Ball
2-0: Called Strike
2-1: Fly out, F8 (Flyball, 8LD)
Batting: RHB Brandon Callahan 0-0: Ball
1-0: Called Strike
1-1: Called Strike
1-2: Ball
2-2: Ground out 4-3 (Groundball, 4M)
Bottom of the 9th over - 0 run(s), 0 hit(s), 0 error(s), 0 left on base; Spokane 6 - Santa Monica 1
Monday, December 5th, 2016 - OOTP Baseball 17.12 Build 75